 Dungeon Crawl Stone Soup version 0.30.1-3-gfc49f6343a (webtiles) character file.

Game seed: 17985297393444492528

102 Bronimir the Poker (level 4, 0/34 HPs)
             Began as a Merfolk Gladiator on July 29, 2023.
             Killed from afar by Blork the orc (7 damage)
             ... with a puff of frost
             ... on level 4 of the Dungeon.
             The game lasted 00:04:19 (2810 turns).

Bronimir the Poker (Merfolk Gladiator)              Turns: 2810, Time: 00:04:20

Health: 0/34       AC: 11    Str: 16    XL:     4   Next: 77%
Magic:  4/4        EV: 12    Int:  7    God:
Gold:   161        SH:  0    Dex: 15    Spells: 3/3 levels left

rFire   . . .        a - +0 trident
rCold   . . .        (no shield)
rNeg    . . .        w - +4 ring mail
rPois   .            h - +1 helmet
rElec   .            (no cloak)
rCorr   .            (no gloves)
SInv    .            (no boots)
Will    .....        (no amulet)
Stlth   +            (no ring)
HPRegen 0.25/turn    (no ring)
MPRegen 0.09/turn

%: no passive effects
@: no status effects
A: (nimble swimmer 2), mertail
a: no special abilities


You were on level 4 of the Dungeon.
You visited 1 branch of the dungeon, and saw 4 of its levels.

You collected 161 gold pieces.

Inventory:

Hand Weapons
 a - a +0 trident (weapon)
 q - a +0 sling
Missiles
 d - 2 throwing nets (quivered)
Armour
 h - a +1 helmet (worn)
 w - a +4 ring mail (worn)
Jewellery
 l - a ring of fire
 u - a +4 ring of slaying
Scrolls
 c - a scroll of torment {unknown}
 k - 6 scrolls of identify {unknown}
 o - a scroll of blinking {unknown}
 p - a scroll of butterflies {unknown}
 r - a scroll of brand weapon {unknown}
 s - a scroll of fog {unknown}
 t - a scroll of immolation {unknown}
Potions
 b - 2 potions of mutation {unknown}
 e - a potion of resistance {unknown}
 f - a potion of heal wounds {unknown}
 g - a potion of degeneration {unknown}
 i - 2 potions of cancellation {unknown}
 m - 2 potions of curing {unknown}
 n - a potion of lignification {unknown}
 v - a potion of haste {unknown}


   Skills:
 * Level 2.9 Fighting
 * Level 5.2 Polearms
 + Level 2.2 Throwing
 + Level 1.2 Armour
 + Level 4.6 Dodging
 - Level 0.1 Stealth


You had 3 spell levels left.
You didn't know any spells.
Your spell library contained the following spells:

 Spells                   Type           Power      Damage    Failure   Level
 Cigotuvi's Dreadful Rot  Necr/Pois/Air  0%         N/A       80%         2
 Ignite Poison            Fire/Tmut/Pois 0%         N/A       95%         3
 Freezing Cloud           Conj/Ice/Air   0%         6-21      100%        5


Dungeon Overview and Level Annotations

Branches:
Dungeon (4/15)
 Temple: D:4-7

Altars:
Dithmenos

Annotations:
D:4 Blork the orc


Innate Abilities, Weirdness & Mutations

((You are very nimble when in or above water. (Stealth+, EV+, Speed+++)))
Your lower body shifts to a powerful aquatic tail in water.


Message History

Blork the orc is moderately wounded.
Blork the orc barely misses you.
The hobgoblin hits you but does no damage.
You hit Blork the orc but do no damage.
Blork the orc is moderately wounded.
Blork the orc screams, "I'll crush all your ribs!
One by one!"
Blork the orc hits you with a +0 war axe!
* * * LOW HITPOINT WARNING * * *
Blork the orc closely misses you. The hobgoblin closely misses you.
You hit Blork the orc.
Blork the orc is heavily wounded.
Blork the orc closely misses you. The hobgoblin misses you.
You hit Blork the orc.
Blork the orc is heavily wounded.
Blork the orc barely misses you.
Blork the orc casts a cantrip, but nothing happens.
The hobgoblin hits you but does no damage.
You hit Blork the orc.
Blork the orc is severely wounded.
Blork the orc hits you with a +0 war axe.
* * * LOW HITPOINT WARNING * * *
The hobgoblin closely misses you.
You barely miss Blork the orc.
Blork the orc is severely wounded.
Blork the orc closely misses you.
Blork the orc gestures at you while chanting.
The magic dart hits you but does no damage.
The hobgoblin barely misses you.
You completely miss Blork the orc.
Blork the orc is severely wounded.
Blork the orc barely misses you. The hobgoblin barely misses you.
Blork the orc closely misses you.
You closely miss Blork the orc.
Blork the orc is severely wounded.
Blork the orc misses you. The hobgoblin closely misses you.
You hit Blork the orc.
Blork the orc is severely wounded.
Blork the orc casts a spell at you. The puff of frost hits you!
You die...

.#..'.....#....##..######
#####.....#....'....[...#
......#'###....#........#
......#..##....##.......+
......#..##....##..###.##
......#..#.....#######.#
......#..#..............
......#..#.....g.........
......#..#.....o@.......
#.....#..#.....##+####..
#.....#..#.....#
#<....#..#.....#
#.....#..#.....#
#.....#..##....#
#.....#..##....#
'.....#...#....#
#.....#...#


You could see Blork the orc (fast) and a hobgoblin.

Vanquished Creatures
  A hound (D:4)
  An adder (D:2)
  An ufetubus (D:3)
  A worm (D:3)
  A dart slug (D:4)
  4 orcs (D:3)
  7 endoplasms
  2 giant cockroaches
  4 goblins
  6 hobgoblins
  2 quokkas
  5 ball pythons
  2 bats
  2 frilled lizards
  5 kobolds
  3 rats
47 creatures vanquished.

Notes
Turn   | Place    | Note
-------+----------+-------------------------------------------
     0 | D:1      | Bronimir the Merfolk Gladiator began the quest for the Orb.
     0 | D:1      | Reached XP level 1. HP: 16/16 MP: 1/1
   242 | D:1      | Reached XP level 2. HP: 18/22 MP: 2/2
  1171 | D:2      | Reached XP level 3. HP: 28/28 MP: 3/3
  1862 | D:3      | Reached skill level 1 in Armour
  2007 | D:3      | Found a shadowy altar of Dithmenos.
  2230 | D:3      | Reached XP level 4. HP: 30/34 MP: 4/4
  2706 | D:4      | Reached skill level 5 in Polearms
  2791 | D:4      | Noticed Blork the orc
  2810 | D:4      | Killed from afar by Blork the orc

Illustrated notes

Levels and vault maps discovered:
D:1:      dpeg_arrival_short_road, layout_loops_ring, minmay_statues_item,
          chequers_hall_statues_corner_a
D:2:      layout_basic
D:3:      layout_loops_ring, nicolae_dithmenos_the_darkroom,
          minmay_misc_feat_tower, chequers_garden
D:4:      layout_gridville, nrook_campfire, kennysheep_generic_room_4,
          uniq_sigmund, uniq_blork_the_orc

Skill      XL: |  1  2  3  4 |
---------------+-------------+-----
Armour         | 1 |  1.2
Polearms       | 5 |  5.2
Fighting       | |  2.9
Throwing       | |  2.2
Dodging        | |  4.6
Stealth        | |  0.1

Action                     |  1- 3 |  4- 6 || total
---------------------------+-------+-------++-------
  Melee: Trident           |   134 |    42 ||   176
         Punch             |     1 |       ||     1
  Throw: Throwing net      |    10 |       ||    10
         Javelin           |     1 |       ||     1
 Armour: Leather armour    |     9 |       ||     9
         Ring mail         |    21 |     6 ||    27
  Dodge: Dodged            |    67 |    37 ||   104
